 Dungeon Crawl Stone Soup version 0.26-a0-712-ga5a9c9c9d0 (webtiles) character file.

Game seed: 10016307310139256970

205 strifetoe the Conjurer (level 5, -2/25 HPs)
             Began as a Gargoyle Hedge Wizard on Nov 2, 2020.
             Slain by a gnoll (3 damage)
             ... on level 2 of the Dungeon.
             The game lasted 00:06:44 (4949 turns).

strifetoe the Conjurer (Gargoyle Hedge Wizard)      Turns: 4949, Time: 00:06:45

Health: -2/25      AC:  7    Str: 14    XL:     5   Next: 83%
Magic:  7/9        EV: 12    Int: 15    God:
Gold:   117        SH:  0    Dex:  9    Spells: 2/10 levels left

rFire    . . .     SeeInvis .   v - +0 halberd
rCold    . . .     Faith    .   (shield currently unavailable)
rNeg     + . .     Spirit   .   b - +0 robe
rPois    ∞         Reflect  .   c - +0 hat
rElec    +         Harm     .   j - +0 cloak
rCorr    .         Rampage  .   (no gloves)
MR       .....                  (no boots)
Stlth    ++........             m - amulet of the acrobat
HPRegen  0.08/turn              (no ring)
MPRegen  0.11/turn              (no ring)

@: no status effects
A: frail 1, negative energy resistance 1, electricity resistance, unbreathing,
evolution 1, petrification resistance, rot immunity, AC +4
a: no special abilities


You were on level 2 of the Dungeon.
You visited 1 branch of the dungeon, and saw 3 of its levels.

You collected 117 gold pieces.

Inventory:

Hand Weapons
 a - a +0 dagger
 g - a +0 spear
 v - a +0 halberd (weapon)
Armour
 b - a +0 robe (worn)
 c - a +0 hat (worn)
 j - a +0 cloak (worn)
Jewellery
 m - an amulet of the acrobat (around neck)
 u - an uncursed amulet of faith
Scrolls
 d - 2 scrolls of immolation {unknown}
 e - 3 scrolls of identify {unknown}
 f - 2 scrolls of amnesia {unknown}
 h - 2 scrolls of remove curse {unknown}
 i - 3 scrolls of fog {unknown}
 l - a scroll of enchant armour {unknown}
 o - 2 scrolls of teleportation {unknown}
 q - a scroll of blinking {unknown}
Potions
 k - 2 potions of heal wounds
 n - a potion of brilliance {unknown}
 p - a potion of berserk rage {unknown}
 r - a potion of cancellation {unknown}
 s - 2 potions of curing
 t - a potion of degeneration {unknown}


   Skills:
 - Level 1.5 Dodging
 - Level 2.1 Stealth
 - Level 3.0 Spellcasting
 - Level 4.4 Conjurations
 - Level 2.0 Summonings
 - Level 0.8 Translocations
 + Level 2.8 Poison Magic


You had 2 spell levels left.
You knew the following spells:

 Your Spells              Type           Power        Failure   Level
a - Magic Dart            Conj           ###.         3%          1
b - Call Imp              Summ           #.......     13%         2
c - Blink                 Tloc           N/A          22%         2
d - Mephitic Cloud        Conj/Pois/Air  #.......     22%         3

Your spell library contained the following spells:

 Spells                   Type           Power        Failure   Level
 Slow                     Hex            #.......     30%         2
 Conjure Flame            Conj/Fire      #.......     24%         3


Dungeon Overview and Level Annotations

Branches:
Dungeon (3/15)

Altars:


Innate Abilities, Weirdness & Mutations

You are resistant to torment.
Your stone body is resilient. (AC +4)
You are immune to poison.
You resist negative energy. (rN+)
You are resistant to electric shocks. (rElec)
You can survive without breathing.
You are immune to petrification.
You are immune to rotting.
You are frail. (-10% HP)
You evolve.


Message History

You are too injured to fight recklessly!
You are too injured to fight recklessly!
You are too injured to fight recklessly!
You are too injured to fight recklessly!
You are too injured to fight recklessly!
You are too injured to fight recklessly!
You are too injured to fight recklessly!
You puncture the gnoll!
The gnoll is severely wounded.
The gnoll hits you!
* * * LOW HITPOINT WARNING * * *
You barely miss the gnoll.
The gnoll is severely wounded.
The gnoll hits you.
* * * LOW HITPOINT WARNING * * *
The gnoll barely misses you.
You closely miss the gnoll.
The gnoll is severely wounded.
The gnoll hits you.
You die...

....# #### ....#####
###########... .....)..###
#.>..)...##... ....###...####
#..).....##... ....# ###....#
#........##>.. .#### ####.###
#..########... .# #...#####..#
#.# #.... ##
###.#.g)...###P####... #
#.#@###..#.P...#...[ #
############...# #.####b###....
# #.............## #.## #P#
#.... #
#.......####.#####..#######....
# #.......#
#.....#............. #
#.<.....########...............
#
#..........#####...............
#
#..............................
#
#..#########.##.##.#...........


You could see a gnoll.

Vanquished Creatures
  Terence (D:1)
  4 adders
  5 gnolls
  An ooze (D:3)
  5 worms
  3 dart slugs
  4 leopard geckos
  2 orcs (D:3)
  A ball python (D:1)
  3 bats
  2 giant cockroaches
  6 goblins
  10 hobgoblins
  5 jackals
  3 kobolds
  2 frilled lizards (D:1)
  7 rats
64 creatures vanquished.

Vanquished Creatures (collateral kills)
  A gnoll (D:2)
  A bat (D:3)
2 creatures vanquished.

Grand Total: 66 creatures vanquished

Notes
Turn   | Place    | Note
-------+----------+-------------------------------------------
     0 | D:1      | strifetoe the Gargoyle Hedge Wizard began the quest for the
                  | Orb.
     0 | D:1      | Reached XP level 1. HP: 10/10 MP: 4/4
   597 | D:1      | Reached skill level 2 in Conjurations
   636 | D:1      | Reached XP level 2. HP: 15/15 MP: 3/6
  1463 | D:2      | Reached skill level 3 in Conjurations
  1551 | D:2      | Reached XP level 3. HP: 19/19 MP: 0/7
  2185 | D:2      | Noticed Terence
  2261 | D:1      | Gained mutation: You are frail. (-10% HP) [potion of
                  | mutation]
  2261 | D:1      | Gained mutation: You evolve. [potion of mutation]
  2276 | D:1      | Killed Terence
  2276 | D:1      | Reached skill level 4 in Conjurations
  2276 | D:1      | Reached XP level 4. HP: 4/21 MP: 1/8
  2281 | D:1      | Learned a level 2 spell: Call Imp
  2284 | D:1      | Learned a level 2 spell: Blink
  2288 | D:1      | Learned a level 3 spell: Mephitic Cloud
  2609 | D:2      | Reached skill level 1 in Summonings
  3513 | D:3      | Reached XP level 5. HP: 25/25 MP: 9/9
  3571 | D:3      | Reached skill level 1 in Poison Magic
  4948 | D:2      | HP: 1/25 [gnoll (3)]
  4949 | D:2      | Slain by a gnoll

Illustrated notes

Levels and vault maps discovered:
D:1:      ncdulo_lavacross, layout_basic
D:2:      layout_rooms, serial_aquarium, aquarium_bridge_straight
          [aquarium_subvault_bridge, aquarium_subvault_wall,
          aquarium_subvault_bridge, aquarium_subvault_window],
          aquarium_bridge_straight [aquarium_subvault_bridge,
          aquarium_subvault_wall, aquarium_subvault_bridge,
          aquarium_subvault_wall], aquarium_window_corridor_2,
          aquarium_window_fake, aquarium_window_corner, aquarium_view_2e,
          aquarium_view_4, uniq_terence
D:3:      layout_basic, corexii_item_surrounded_by_moat

Skill      XL: |  1  2  3  4  5 |
---------------+----------------+-----
Conjurations   | 2 3 4 |  4.4
Summonings     | 2 |  2.0
Poison Magic   | 2 |  2.8
Dodging        | |  1.5
Stealth        | |  2.1
Spellcasting   | |  3.0
Translocations | |  0.8

Action                   |  1- 3 |  4- 6 || total
-------------------------+-------+-------++-------
Melee: Dagger            |    14 |       ||    14
       Spear             |    89 |   108 ||   197
       Halberd           |       |     8 ||     8
 Cast: Magic Dart        |    53 |    80 ||   133
       Call Imp          |       |     5 ||     5
  Use: Potion            |     4 |       ||     4
 Stab: Sleeping          |       |     3 ||     3
Armor: Robe              |    36 |    40 ||    76
Dodge: Dodged            |    62 |   100 ||   162

Table legend: (Time is in decaauts)
 A = Elapsed time spent in this place.
 B = Non-inter-level travel time spent in this place.
 C = Inter-level travel time spent in this place.
 D = Time resting spent in this place.
 E = Time spent auto-exploring this place.
 F = Levels seen in this place.
 G = Mean time per level.
                   A        B        C        D        E       F      G
               +--------+--------+--------+--------+--------+-----+--------+
         Total |   4975 |   4893 |     82 |   1697 |   2417 |   3 | 1658.3 |
       Dungeon |   4975 |   4893 |     82 |   1697 |   2417 |   3 | 1658.3 |
               +--------+--------+--------+--------+--------+-----+--------+

Top non-repeatable levels by time:
     D:2: 1849 daAuts
     D:1: 1746 daAuts
     D:3: 1379 daAuts
